nht, chaotic female elven Wizard ----- ---...--- ----------- |........ |.........| ........| # |....>....| |....%...###x.....$....| |...%...| #---------+- |....xd.| F -----x--- # # --------- # ----.......---- # |.............|# # Z |.......%.....|### -------.- hjooo |......<.......#####|.....&..# bo:od |.............| ###|.....@.| joo'f --------------- #........| vGpjd #--------- nht the Conjurer Experience level: 5 Strength: 7 Dexterity: 17 Constitution: 16 Intelligence: 14 Wisdom: 11 Charisma: 11 Health: 0(38) Energy: 47(61) Def: 2 Gold: 986 Moves: 1278 Dungeon seed: AXDeoXDC-3CpElLQ Game ID: nht_1432187986 Your Inventory: Coins $ - 986 gold pieces Amulets I - a cursed amulet of restful sleep (being worn) Weapons a - a blessed +1 quarterstaff (weapon in hands) Armor e - an uncursed +0 cloak of magic resistance n - an uncursed +0 pair of leather gloves (being worn) r - a cursed +0 dunce cap L - a cursed -1 pair of levitation boots N - an uncursed +0 pair of jumping boots (being worn) Y - an uncursed +0 pair of kicking boots Scrolls i - an uncursed scroll of confuse monster j - 2 blessed scrolls of identify k - 2 uncursed scrolls of light s - an uncursed scroll of teleportation w - an uncursed scroll of stinking cloud y - 2 uncursed scrolls of enchant weapon C - 2 uncursed scrolls of identify F - 2 uncursed scrolls of earth Spellbooks q - a blessed spellbook of blank paper z - an uncursed spellbook of sleep Potions f - an uncursed potion of sleeping g - a blessed potion of levitation h - an uncursed potion of oil u - a cursed potion of booze A - an uncursed potion of extra healing B - an uncursed potion of water D - an uncursed potion of blindness H - an uncursed potion of fruit juice Rings c - a blessed +1 ring of gain strength d - an uncursed ring of cold resistance x - a cursed ring of slow digestion G - an uncursed ring of levitation O - an uncursed ring of levitation Wands b - a wand of undead turning (0:7) E - a wand of locking (0:5) J - a wand of speed monster (0:4) M - a wand of light (0:10) Tools p - an uncursed tooled horn t - an uncursed blindfold Gems K - an uncursed agate stone Spells known in the end: Name Level Category Fail Memory a - force bolt 1 attack 0% 94% b - magic missile 2 attack 0% 94% c - create monster 2 clerical 81% 94% d - detect monsters 1 divination 0% 94% e - sleep 1 enchantment 0% 96% Your skills at the end: Fighting Skills Weapon Skills quarterstaff [Basic] Spellcasting Skills attack spells [Basic] enchantment spells [Basic] Final Attributes: You were piously aligned. You were sleep resistant. You were poison resistant. You fell asleep. You were telepathic. You had infravision. You were sensing the presence of monsters. You could jump. You could teleport. You were fast. You are dead. Vanquished creatures: a tengu a leprechaun a fire ant a gnome lord a baby crocodile a floating eye a kobold shaman an iguana 2 large kobolds a cave spider 4 gnomes a gnome zombie a gecko 5 jackals 2 foxen a sewer rat 3 grid bugs a lichen a newt 30 creatures vanquished. Voluntary challenges: You used a wielded weapon 54 times, starting on turn 1. You read items or engraved 17 times, starting on turn 19. You never genocided any monsters. You never polymorphed an object. You never changed form. You used no wishes. You never split a pudding. You wrote Elbereth's name 6 times, starting on turn 808. You never violated your personal moral code. You disabled loading bones files. Dungeon overview: The Dungeons of Doom: levels 1 to 14 Level 1 a fountain a long staircase Level 2 a fountain Level 3 Level 4 Level 5 Level 6 Level 7 Level 8 an armor shop stairs to Sokoban Level 9 an armor shop Level 10 <- You were here Level 11 a sink Level 12 Level 13 (quest) Level 14 a temple to Anhur Sokoban: Level 7 stairs to The Dungeons of Doom History has recorded: On T:1 you entered the Dungeons of Doom to retrieve the Amulet of Yendor! On T:122 you reached level 2 of The Dungeons of Doom. On T:280 you reached level 3 of The Dungeons of Doom. On T:310 you reached level 4 of The Dungeons of Doom. On T:401 you reached level 5 of The Dungeons of Doom. On T:486 you advanced to experience level 2. On T:507 you reached level 6 of The Dungeons of Doom. On T:536 you reached level 7 of The Dungeons of Doom. On T:570 you advanced to experience level 3. On T:628 you reached level 8 of The Dungeons of Doom. On T:677 you advanced to experience level 4. On T:787 you reached level 4 of Sokoban. On T:968 you reached level 9 of The Dungeons of Doom. On T:971 you advanced to experience level 5. On T:986 you reached level 10 of The Dungeons of Doom. On T:1100 you reached level 11 of The Dungeons of Doom. On T:1147 you reached level 12 of The Dungeons of Doom. On T:1185 you reached level 13 of The Dungeons of Doom. On T:1198 you reached level 14 of The Dungeons of Doom. Score breakdown: Gold: 986 (10185 points) Experience: 5 levels (11141 points) Exploration: 14 levels ( 31.11%) (16306 points) Discoveries: 7 items ( 2.53%) ( 4769 points) Valuables value: (no points given unless you survive) Artifact value: 0 ( 0 points) Variety of kills: 19 monsters ( 5.01%) ( 6717 points) Time penalty: 1278 turns ( 0 points) Survival: died (score multiplied by 80%) Total score: 39294 Latest messages: s - an uncursed scroll labeled YUM YUM. C - 2 uncursed scrolls of identify. z - an uncursed spellbook of sleep. B - an uncursed clear potion. u - a cursed dark green potion. D - an uncursed effervescent potion. H - an uncursed puce potion. A - an uncursed ruby potion. O - an uncursed opal ring. G - an uncursed opal ring. x - a cursed twisted ring. E - an uncursed wand called ebony nomg. M - an uncursed wand of light. J - an uncursed wand of speed monster. t - an uncursed blindfold. K - an uncursed orange gem. An orange gem lands on the altar. You sense the presence of monsters. The fountain dries up! The water demon zaps a wand of striking! The wand hits you! You die... Final status: Goodbye nht the Wizard, killed by a wand... You died in The Dungeons of Doom on dungeon level 10 with 39294 points, and 986 pieces of gold, after 1278 moves. You were level 5 with a maximum of 38 hit points when you died.